[ AOE2 MATCH · #507866804 ]
UnrankedJapanese vs Lithuanians
Player's team · WIN
[ REPLAY ANALYSIS · EXTRACTED FROM THE RECORDED GAME ]
Feudal
9:00
Castle
29:19
Imperial
47:26
| APM avg | 55.0 |
| APM peak | 88 |
| eAPM avg | 22.7 |
| Villagers / military | 160 / 106 |
Focus
⚔️ 33.8% · 🌾 66.2%
Knight ×29 · Mangonel ×19 · Militia ×17 · Scout Cavalry ×17 · Skirmisher ×13 · Samurai ×9
Feudal
8:59
Castle
24:37
Imperial
—
| APM avg | 73.6 |
| APM peak | 106 |
| eAPM avg | 26.1 |
| Villagers / military | 103 / 95 |
Focus
⚔️ 30.5% · 🌾 69.5%
Archer ×63 · Skirmisher ×20 · Monk ×8 · Mangonel ×2 · Battering Ram ×2
Match map
Initial resources + every placement click. Lines = walls · curves = elevation contours. ◆ gold · ⬟ stone · ● berries · ✦ relic · ◌ wall gap
Your base· Open — 4t gap
seabook's base· Open — 5t gap
Smoothed initial terrain · ◌ = detected wall gap · hover for details
Inputs per minute
— 新竹 - - seabook
Build order — 新竹
First 150 of 413 actions detected
| 0:00 | Queue | Villager (Male) |
| 0:01 | Queue | Villager (Male) |
| 0:01 | Queue | Villager (Male) |
| 0:02 | Build | House |
| 0:04 | Build | House |
| 0:06 | Queue | Villager (Male) |
| 0:06 | Queue | Villager (Male) |
| 1:25 | Queue | Villager (Male) |
| 1:59 | Queue | Villager (Male) |
| 2:18 | Queue | Villager (Male) |
| 2:19 | Queue | Villager (Male) |
| 2:27 | Build | Lumber Camp |
| 2:37 | Queue | Villager (Male) |
| 2:38 | Queue | Villager (Male) |
| 2:45 | Build | House |
| 3:30 | Queue | Villager (Male) |
| 3:36 | Queue | Villager (Male) |
| 3:36 | Queue | Villager (Male) |
| 4:33 | Queue | Villager (Male) |
| 4:33 | Queue | Villager (Male) |
| 4:33 | Queue | Villager (Male) |
| 4:49 | Queue | Villager (Male) |
| 4:50 | Queue | Villager (Male) |
| 4:50 | Queue | Villager (Male) |
| 5:04 | Queue | Villager (Male) |
| 5:04 | Queue | Villager (Male) |
| 5:16 | Build | Barracks |
| 5:26 | Queue | Villager (Male) |
| 5:26 | Queue | Villager (Male) |
| 5:27 | Queue | Villager (Male) |
| 5:36 | Queue | Villager (Male) |
| 5:57 | Queue | Villager (Male) |
| 5:58 | Queue | Villager (Male) |
| 5:58 | Queue | Villager (Male) |
| 5:58 | Queue | Villager (Male) |
| 6:17 | Research | Loom |
| 6:17 | Research | Loom |
| 6:30 | Build | Mining Camp |
| 6:41 | Build | House |
| 6:48 | Research | Feudal Age |
| 6:48 | Research | Feudal Age |
| 7:02 | Queue | Militia |
| 7:03 | Queue | Militia |
| 7:10 | Build | Mill |
| 7:14 | Build | Palisade Wall |
| 7:30 | Queue | Militia |
| 7:30 | Queue | Militia |
| 7:30 | Queue | Militia |
| 8:09 | Queue | Militia |
| 8:16 | Build | House |
| 8:47 | Build | Farm |
| 9:00 | Age | Feudal Age |
| 9:03 | Research | Man-at-Arms (upgrade) |
| 9:03 | Research | Man-at-Arms (upgrade) |
| 9:04 | Queue | Villager (Male) |
| 9:55 | Build | Watch Tower |
| 10:03 | Queue | Villager (Male) |
| 10:03 | Queue | Villager (Male) |
| 10:03 | Queue | Villager (Male) |
| 10:05 | Build | Farm |
| 10:05 | Queue | Villager (Male) |
| 10:06 | Queue | Villager (Male) |
| 10:38 | Build | Palisade Wall |
| 10:39 | Build | Palisade Wall |
| 10:45 | Build | Palisade Wall |
| 11:00 | Queue | Villager (Male) |
| 11:00 | Queue | Villager (Male) |
| 11:13 | Build | Palisade Wall |
| 11:14 | Build | Palisade Wall |
| 11:16 | Build | Palisade Wall |
| 11:20 | Build | Palisade Wall |
| 11:23 | Build | Palisade Wall |
| 11:26 | Queue | Villager (Male) |
| 11:26 | Queue | Villager (Male) |
| 11:44 | Build | Archery Range |
| 11:56 | Research | Double-Bit Axe |
| 11:56 | Research | Double-Bit Axe |
| 11:57 | Queue | Villager (Male) |
| 11:57 | Queue | Villager (Male) |
| 11:58 | Queue | Villager (Male) |
| 12:21 | Queue | Skirmisher |
| 12:21 | Queue | Skirmisher |
| 12:22 | Queue | Skirmisher |
| 12:32 | Build | Mining Camp |
| 12:41 | Queue | Villager (Male) |
| 12:41 | Queue | Villager (Male) |
| 12:41 | Queue | Villager (Male) |
| 12:45 | Build | House |
| 12:56 | Build | House |
| 13:03 | Build | Farm |
| 13:08 | Queue | Skirmisher |
| 13:20 | Queue | Villager (Male) |
| 13:22 | Build | Farm |
| 13:49 | Queue | Skirmisher |
| 14:01 | Queue | Skirmisher |
| 14:03 | Build | Farm |
| 14:20 | Queue | Villager (Male) |
| 14:20 | Queue | Villager (Male) |
| 14:20 | Queue | Villager (Male) |
| 14:21 | Queue | Villager (Male) |
| 14:23 | Build | Farm |
| 14:49 | Queue | Skirmisher |
| 15:12 | Queue | Skirmisher |
| 15:18 | Queue | Villager (Male) |
| 15:18 | Queue | Villager (Male) |
| 15:18 | Queue | Villager (Male) |
| 15:19 | Build | Farm |
| 15:35 | Queue | Villager (Male) |
| 15:35 | Queue | Villager (Male) |
| 15:39 | Build | Blacksmith |
| 15:51 | Queue | Militia |
| 16:12 | Build | Farm |
| 16:13 | Build | Farm |
| 16:14 | Build | Farm |
| 16:29 | Research | Fletching |
| 16:29 | Research | Fletching |
| 16:35 | Queue | Villager (Male) |
| 16:41 | Build | House |
| 16:42 | Build | House |
| 16:52 | Queue | Militia |
| 16:52 | Queue | Militia |
| 16:52 | Queue | Militia |
| 16:56 | Build | Farm |
| 17:00 | Build | Farm |
| 17:01 | Build | Farm |
| 17:03 | Build | House |
| 17:04 | Build | House |
| 17:16 | Queue | Skirmisher |
| 17:16 | Queue | Skirmisher |
| 17:28 | Queue | Militia ×2 |
| 17:28 | Queue | Militia ×2 |
| 17:55 | Build | Watch Tower |
| 18:04 | Queue | Militia |
| 18:06 | Queue | Skirmisher |
| 18:06 | Queue | Skirmisher |
| 18:16 | Queue | Skirmisher |
| 18:42 | Research | Scale Mail Armor |
| 18:43 | Research | Scale Mail Armor |
| 18:43 | Research | Scale Mail Armor |
| 18:43 | Queue | Villager (Male) |
| 18:44 | Queue | Villager (Male) |
| 18:44 | Queue | Villager (Male) |
| 18:44 | Queue | Villager (Male) |
| 18:47 | Build | Farm |
| 18:49 | Build | Lumber Camp |
| 19:09 | Queue | Militia ×2 |
| 19:14 | Build | House |
| 19:26 | Queue | Villager (Male) |
| 19:26 | Queue | Villager (Male) |
| 19:31 | Build | Stable |
Build order — seabook
First 150 of 297 actions detected
| 0:01 | Queue | Villager (Male) |
| 0:02 | Build | House |
| 0:04 | Build | House |
| 0:11 | Queue | Villager (Male) |
| 0:12 | Queue | Villager (Male) |
| 0:12 | Queue | Villager (Male) |
| 0:26 | Queue | Villager (Male) |
| 0:27 | Queue | Villager (Male) |
| 1:40 | Queue | Villager (Male) |
| 2:05 | Queue | Villager (Male) |
| 3:02 | Build | Lumber Camp |
| 3:27 | Queue | Villager (Male) |
| 3:36 | Queue | Villager (Male) |
| 4:19 | Queue | Villager (Male) |
| 4:25 | Build | House |
| 4:26 | Research | Loom |
| 4:59 | Build | Mill |
| 5:13 | Queue | Villager (Male) |
| 5:15 | Queue | Villager (Male) |
| 5:55 | Build | House |
| 5:57 | Build | Palisade Wall |
| 6:10 | Queue | Villager (Male) |
| 6:49 | Research | Feudal Age |
| 7:07 | Build | Barracks |
| 8:33 | Build | Palisade Wall |
| 8:39 | Queue | Villager (Male) |
| 8:58 | Queue | Villager (Male) |
| 8:59 | Age | Feudal Age |
| 9:00 | Build | Archery Range |
| 9:18 | Queue | Villager (Male) |
| 9:23 | Build | Watch Tower |
| 9:25 | Queue | Villager (Male) |
| 9:31 | Queue | Villager (Male) |
| 9:48 | Queue | Villager (Male) |
| 9:52 | Queue | Archer |
| 9:58 | Build | House |
| 10:05 | Queue | Skirmisher |
| 10:09 | Queue | Villager (Male) |
| 10:12 | Research | Double-Bit Axe |
| 10:34 | Queue | Villager (Male) |
| 10:35 | Queue | Skirmisher |
| 10:48 | Queue | Villager (Male) |
| 11:16 | Queue | Skirmisher |
| 11:21 | Build | Lumber Camp |
| 11:25 | Build | House |
| 11:40 | Build | House |
| 12:08 | Build | Mining Camp |
| 12:10 | Queue | Villager (Male) |
| 12:20 | Queue | Villager (Male) |
| 12:24 | Build | Farm |
| 12:46 | Queue | Archer |
| 12:49 | Build | Farm |
| 12:52 | Build | Farm |
| 13:13 | Build | Farm |
| 13:22 | Queue | Archer |
| 13:27 | Queue | Villager (Male) |
| 13:44 | Queue | Skirmisher |
| 14:00 | Queue | Skirmisher |
| 14:04 | Build | House |
| 14:07 | Build | Farm |
| 14:10 | Build | Farm |
| 14:11 | Build | Farm |
| 14:17 | Queue | Skirmisher |
| 14:36 | Queue | Villager (Male) |
| 15:10 | Queue | Skirmisher |
| 15:14 | Queue | Villager (Male) |
| 15:18 | Build | Blacksmith |
| 15:54 | Queue | Skirmisher |
| 15:54 | Queue | Skirmisher |
| 16:00 | Build | Archery Range |
| 16:02 | Build | Farm |
| 16:03 | Build | Farm |
| 16:17 | Queue | Skirmisher |
| 16:22 | Build | Farm |
| 16:30 | Research | Fletching |
| 16:42 | Build | Farm |
| 16:43 | Build | Farm |
| 16:49 | Queue | Skirmisher |
| 16:59 | Build | Farm |
| 17:02 | Queue | Skirmisher |
| 17:20 | Queue | Skirmisher |
| 17:21 | Queue | Skirmisher |
| 17:24 | Queue | Villager (Male) |
| 17:45 | Queue | Skirmisher |
| 17:45 | Queue | Skirmisher |
| 18:06 | Queue | Skirmisher |
| 18:06 | Queue | Skirmisher |
| 18:16 | Queue | Skirmisher |
| 18:17 | Queue | Skirmisher |
| 18:22 | Queue | Villager (Male) |
| 18:24 | Build | House |
| 18:49 | Build | Lumber Camp |
| 19:00 | Queue | Villager (Male) |
| 19:19 | Queue | Archer |
| 19:19 | Queue | Archer |
| 19:24 | Build | House |
| 19:47 | Queue | Villager (Male) |
| 20:02 | Queue | Archer |
| 20:02 | Queue | Archer |
| 20:07 | Build | Market |
| 20:39 | Queue | Archer |
| 20:41 | Queue | Archer |
| 21:16 | Queue | Villager (Male) |
| 21:34 | Build | Lumber Camp |
| 21:45 | Research | Castle Age |
| 21:57 | Research | Castle Age |
| 21:57 | Research | Castle Age |
| 22:38 | Queue | Villager (Male) |
| 22:50 | Queue | Archer |
| 22:51 | Queue | Archer |
| 22:52 | Queue | Archer |
| 22:53 | Queue | Archer |
| 22:55 | Queue | Villager (Male) |
| 22:59 | Build | Stable |
| 23:05 | Build | Archery Range |
| 23:06 | Queue | Archer |
| 23:23 | Queue | Villager (Male) |
| 23:27 | Build | Archery Range |
| 23:29 | Research | Gold Mining |
| 23:31 | Build | House |
| 23:34 | Build | House |
| 24:01 | Queue | Archer |
| 24:19 | Queue | Villager (Male) |
| 24:22 | Build | Farm |
| 24:24 | Queue | Archer |
| 24:24 | Queue | Archer |
| 24:24 | Queue | Archer |
| 24:37 | Age | Castle Age |
| 25:23 | Research | Bodkin Arrow |
| 25:24 | Queue | Archer |
| 25:25 | Queue | Archer |
| 26:10 | Queue | Archer |
| 26:10 | Queue | Archer |
| 26:33 | Queue | Villager (Male) |
| 26:57 | Queue | Archer |
| 26:58 | Queue | Archer |
| 27:05 | Queue | Villager (Male) |
| 27:15 | Queue | Archer |
| 27:34 | Queue | Archer |
| 27:39 | Build | Farm |
| 28:14 | Queue | Villager (Male) |
| 28:17 | Build | Farm |
| 28:17 | Build | Farm |
| 28:22 | Build | Town Center |
| 28:59 | Build | Siege Workshop |
| 29:18 | Queue | Archer |
| 29:18 | Queue | Archer |
| 29:18 | Queue | Archer |
| 29:20 | Queue | Villager (Male) |
| 29:48 | Queue | Battering Ram |
Match timeline
| 5:16 | 新竹 · first_building Barracks |
| 5:57 | seabook · wall_segment Palisade Wall x3 |
| 7:07 | seabook · first_building Barracks |
| 7:14 | 新竹 · wall_segment Palisade Wall x1 |
| 8:33 | seabook · wall_segment Palisade Wall x5 |
| 8:59 | seabook · age_up feudal |
| 9:00 | 新竹 · age_up feudal |
| 9:00 | seabook · first_building Archery Range |
| 10:38 | 新竹 · wall_segment Palisade Wall x1 |
| 10:39 | 新竹 · wall_segment Palisade Wall x1 |
| 10:45 | 新竹 · wall_segment Palisade Wall x1 |
| 11:13 | 新竹 · wall_segment Palisade Wall x1 |
| 11:14 | 新竹 · wall_segment Palisade Wall x1 |
| 11:16 | 新竹 · wall_segment Palisade Wall x2 |
| 11:20 | 新竹 · wall_segment Palisade Wall x3 |
| 11:23 | 新竹 · wall_segment Palisade Wall x3 |
| 11:44 | 新竹 · first_building Archery Range |
| 19:31 | 新竹 · first_building Stable |
| 21:21 | seabook · first_market_buy 100 food |
| 22:59 | seabook · first_building Stable |
| 24:37 | seabook · age_up castle |
| 25:21 | 新竹 · wall_segment Stone Wall x2 |
| 25:21 | 新竹 · wall_segment Stone Wall x2 |
| 25:22 | 新竹 · wall_segment Stone Wall x3 |
| 25:23 | 新竹 · wall_segment Stone Wall x2 |
| 25:24 | 新竹 · wall_segment Stone Wall x1 |
| 26:13 | 新竹 · first_market_buy 100 food |
| 27:44 | seabook · first_market_sell 100 wood |
| 28:24 | 新竹 · wall_segment Palisade Wall x2 |
| 28:25 | 新竹 · wall_segment Palisade Wall x2 |
| 28:59 | seabook · first_building Siege Workshop |
| 29:19 | 新竹 · age_up castle |
| 29:30 | 新竹 · wall_segment Stone Wall x2 |
| 29:31 | 新竹 · wall_segment Stone Wall x1 |
| 29:32 | 新竹 · wall_segment Stone Wall x1 |
| 29:33 | 新竹 · wall_segment Stone Wall x1 |
| 29:54 | 新竹 · wall_segment Stone Wall x1 |
| 30:24 | 新竹 · first_building Siege Workshop |
| 33:05 | seabook · first_building Monastery |
| 37:56 | 新竹 · first_building Monastery |
| 41:46 | 新竹 · first_building Castle |
| 44:15 | 新竹 · first_market_sell 100 wood |
| 47:26 | 新竹 · age_up imperial |
| 48:40 | seabook · resign |
[ AI ANALYSIS · 1 CREDIT ]
What really happened in this match?
Wolo.gg analyzes every decision: build order, eco, micro, common mistakes by bracket. Personalized analysis on WhatsApp or Discord in 30 seconds.
Civ guide
Japanese
Perfil
Jugador #14547856